 Dungeon Sprint DCSS version 0.29.1-15-g9cfb28693d (webtiles) character file.

Game seed: 3261376159916378133

1326 boopmooplesden the Spear-Bearer (level 8, -10/82 HPs)
             Began as a Minotaur Fighter on Mar 20, 2023.
             Was a Believer of Trog.
             Mangled by a two-headed ogre
             ... wielding a +0 giant club
              (26 damage)
             ... in the Dungeon (Sprint III: "The Ten Rune Challenge").
             The game lasted 00:02:13 (1071 turns).

boopmooplesden the Spear-Bearer (Minotaur Fighter)  Turns: 1071, Time: 00:02:14

Health: -10/82     AC:  9    Str: 23    XL:     8   Next: 34%
Magic:  7/7        EV: 10    Int:  5    God:    Trog [**....]
Gold:   50         SH:  6    Dex: 10    Spells: 7/7 levels left

rFire   . . .      SeeInvis .   a - +0 trident
rCold   . . .      Faith    .   c - +0 buckler
rNeg    . . .      Spirit   .   b - +0 scale mail
rPois   .          Reflect  .   (helmet restricted)
rElec   .          Harm     .   (no cloak)
rCorr   .          Rampage  .   (no gloves)
Will    +....      NoTele   +   (no boots)
Stlth   ..........              (no amulet)
HPRegen 0.23/turn               (no ring)
MPRegen 0.10/turn               (no ring)

@: on berserk cooldown, slowed, very slow
A: horns 2, retaliatory headbutt, strong-willed 1
a: Renounce Religion, Berserk, Trog's Hand


You were in the Dungeon.
You worshipped Trog.
Trog was pleased with you.
You visited 1 branch You collected 50 gold pieces.

Inventory:

Hand Weapons
 a - a +0 trident (weapon)
 f - a +2 long sword of holy wrath
Armour
 b - a +0 scale mail (worn)
 c - a +0 buckler (worn)
Scrolls
 j - a scroll of blinking
 k - 4 scrolls of identify
 l - 2 scrolls of torment {unknown}
Potions
 d - a potion of might
 e - 2 potions of curing
 h - 2 potions of magic
 m - 2 potions of flight {unknown}
 n - 4 potions of mutation
Miscellaneous
 g - a condenser vane


   Skills:
 + Level 11.1 Fighting
 + Level 14.1 Polearms
 + Level 11.3 Armour
 + Level 2.8 Dodging
 + Level 0.1 Stealth
 + Level 8.8 Shields


You had 7 spell levels left.
You didn't know any spells.
Your spell library contained the following spells:

 Spells                   Type           Power      Damage    Failure   Level
 Blink                    Tloc           0%         N/A       91%         2
 Lesser Beckoning         Tloc           0%         N/A       99%         3
 Manifold Assault         Tloc           0%         N/A       100%        5


Dungeon Overview and Level Annotations

Branches:
Dungeon (1/1)

Altars:
Cheibriados
Dithmenos
Elyvilon
Fedhas
Gozag
Hepliaklqana
Kikubaaqudgha
Makhleb
Nemelex Xobeh
Okawaru
Qazlal
Ru
Sif Muna
Trog
Uskayaw
Vehumet
Wu Jian
Xom
Yredelemnul
Zin
The Shining One
Jiyva
Lugonu


Innate Abilities, Weirdness & Mutations

You have a pair of horns on your head.
You reflexively headbutt those who attack you in melee.
You are strong-willed. (Will+)


Message History

Trog accepts your kill.
You can now call upon Trog for regeneration and willpower.
The two-headed ogre hits you with a +0 giant club!
The two-headed ogre closely misses you.
Things that are here:
a +0 giant spiked club; a +0 giant spiked club You barely miss the two-headed ogre.
You puncture the two-headed ogre!
The two-headed ogre is lightly wounded.
You puncture the two-headed ogre!
The two-headed ogre is heavily wounded.
The two-headed ogre hits you with a +0 giant club.
The two-headed ogre hits you but does no damage.
You puncture the two-headed ogre! You headbutt the two-headed ogre!
You kill the two-headed ogre!
Trog accepts your kill.
Your Fighting skill increases to level 11!
Your Polearms skill increases to level 14!
Things that are here:
a +0 giant club; a +0 giant club; a two-headed ogre corpse A two-headed ogre comes into view.
It is wielding two +0 giant clubs.
You feel a strong urge to attack something.
The two-headed ogre shouts in stereo!
You are no longer berserk.
You are exhausted.
You feel yourself slow down.
You puncture the two-headed ogre!
The two-headed ogre is moderately wounded.
The two-headed ogre hits you with a +0 giant club! x2
You puncture the two-headed ogre! You headbutt the two-headed ogre!
The two-headed ogre is severely wounded.
The two-headed ogre hits you with a +0 giant club! x2
* * * LOW HITPOINT WARNING * * *
You hit the two-headed ogre but do no damage.
Your headbutt misses the two-headed ogre.
The two-headed ogre is severely wounded.
You puncture the two-headed ogre! You headbutt the two-headed ogre.
The two-headed ogre is almost dead.
The two-headed ogre hits you with a +0 giant club!!
You die...

..#.†.#__)#._#
..###'#'###)##
..#..........#
..'.⌠........#
..#...######'#
..#.⌠.#__#...#+# ##
# ..#...#__#...#..
.#.#
..#'###__#...##O#..#
..#)).#__#...'##@#
..#___#__+...#)).#
▓▓▓▓▓▓▓▓▓▓▓▓▓▓▓▓▓▓


You could see a two-headed ogre.

Vanquished Creatures
  A deep elf pyromancer (D)
  A shadow (D)
  A spatial vortex (D)
  2 two-headed ogres (D)
  A necrophage (D)
  A water elemental (D)
  A jelly (D)
  A wizard (D)
  A necromancer (D)
  3 humans (D)
  A kobold demonologist (D)
  A phantom (D)
  4 rats (D)
19 creatures vanquished.

Notes
Turn   | Place    | Note
-------+----------+-------------------------------------------
     0 | D        | boopmooplesden the Minotaur Fighter began the quest for the
                  | Orb.
     0 | D        | Reached XP level 1. HP: 19/19 MP: 0/0
    63 | D        | Reached skill level 4 in Polearms
    63 | D        | Reached XP level 2. HP: 12/28 MP: 1/1
   243 | D        | Reached skill level 5 in Fighting
   243 | D        | Reached skill level 5 in Armour
   263 | D        | Gained mutation: You are strong-willed. (Will+) [potion of
                  | mutation]
   281 | D        | Noticed a water elemental
   290 | D        | Killed a water elemental
   291 | D        | Reached skill level 6 in Polearms
   291 | D        | Reached skill level 5 in Shields
   291 | D        | Reached XP level 3. HP: 37/37 MP: 2/2
   291 | D        | Reached XP level 4. HP: 44/44 MP: 3/3
   376 | D        | Found a radiant altar of Vehumet.
   377 | D        | Found a shimmering blue altar of Sif Muna.
   377 | D        | Found an ancient bone altar of Kikubaaqudgha.
   377 | D        | Noticed a wizard
   379 | D        | Killed a wizard
   395 | D        | Found a basalt altar of Yredelemnul.
   395 | D        | Found a shadowy altar of Dithmenos.
   395 | D        | Found a sacrificial altar of Ru.
   395 | D        | Noticed a necrophage
   399 | D        | Reached skill level 7 in Polearms
   399 | D        | Reached XP level 5. HP: 51/51 MP: 4/4
   403 | D        | Reached skill level 8 in Polearms
   412 | D        | Found a hide-covered altar of Uskayaw.
   412 | D        | Found an iron altar of Okawaru.
   413 | D        | Found a bloodstained altar of Trog.
   413 | D        | Found an ornate altar of the Wu Jian Council.
   413 | D        | Noticed a human
   413 | D        | Noticed a human
   419 | D        | Killed a human
   420 | D        | Reached skill level 9 in Polearms
   420 | D        | Reached XP level 6. HP: 29/62 MP: 5/5
   436 | D        | Killed a human
   437 | D        | Reached skill level 10 in Polearms
   437 | D        | Reached skill level 1 in Dodging
   809 | D        | Became a worshipper of Trog the Wrathful
   815 | D        | Found a glowing silver altar of Zin.
   819 | D        | Found a glowing golden altar of the Shining One.
   819 | D        | Found a white marble altar of Elyvilon.
   819 | D        | Noticed a deep elf pyromancer
   827 | D        | Killed a deep elf pyromancer
   828 | D        | Reached skill level 10 in Fighting
   828 | D        | Reached skill level 12 in Polearms
   828 | D        | Reached skill level 10 in Armour
   828 | D        | Reached XP level 7. HP: 73/73 MP: 6/6
   841 | D        | Noticed a shadow
   847 | D        | Killed a shadow
   847 | D        | Reached * piety under Trog
   848 | D        | Reached skill level 13 in Polearms
   848 | D        | Reached XP level 8. HP: 67/81 MP: 7/7
   935 | D        | Found a blossoming altar of Fedhas.
   935 | D        | Found a stormy altar of Qazlal.
   936 | D        | Found a snail-covered altar of Cheibriados.
   936 | D        | Found a burning altar of Makhleb.
   936 | D        | Found a hazy altar of Hepliaklqana.
   936 | D        | Found a shimmering altar of Xom.
   936 | D        | Found an opulent altar of Gozag.
   936 | D        | Found a sparkling altar of Nemelex Xobeh.
   936 | D        | Found a corrupted altar of Lugonu.
   936 | D        | Found a viscous altar of Jiyva.
  1059 | D        | Reached ** piety under Trog
  1065 | D        | Reached skill level 14 in Polearms
  1071 | D        | Mangled by a two-headed ogre

Illustrated notes

Levels and vault maps discovered:
D:        dungeon_sprint_mu [sprint_mu_entry_cave, sprint_mu_temple_rooms,
          sprint_mu_d1_spiders, sprint_mu_d2_genie, sprint_mu_d3_branching,
          sprint_mu_orc_legion, sprint_mu_elf_gauntlet, sprint_mu_hive_nellie,
          sprint_mu_lair_fedhas, sprint_mu_vaults_butterflies,
          sprint_mu_slime_circle, sprint_mu_shoals_kraken,
          sprint_mu_snake_twists, sprint_mu_blade_basic, sprint_mu_crypt_lich,
          sprint_mu_tomb_spiral, sprint_mu_vestibule_basic,
          sprint_mu_gehenna_hellfire, sprint_mu_dis_giant,
          sprint_mu_tartarus_statrot, sprint_mu_cocytus_islands, sprint_mu_zot1]

Skill      XL: |  1  2  3  4  5  6  7  8 |
---------------+-------------------------+-----
Fighting       | 4 6 8 10 11 | 11.1
Armour         | 4 6 7 8 10 11 | 11.3
Shields        | 4 5 6 7 8 |  8.8
Polearms       | 4 6 7 9 12 13 14 | 14.1
Dodging        | 2 |  2.8
Stealth        | |  0.1

Action                   |  1- 3 |  4- 6 |  7- 9 || total
-------------------------+-------+-------+-------++-------
Melee: Trident           |    29 |    38 |    27 ||    94
       Headbutt          |     4 |     6 |     7 ||    17
Invok: Berserk           |       |       |     1 ||     1
  Use: Potion            |     2 |     2 |       ||     4
Armor: Scale mail        |     7 |     5 |     1 ||    13
Dodge: Dodged            |     7 |     9 |     4 ||    20
Block: Buckler           |     3 |     4 |       ||     7
